 Dungeon Crawl Stone Soup version 0.29.1-2-gbd0b4ee654 (webtiles) character file.

Game seed: 18288844283636308368

65 Goreval the Insei (level 4, 33/33 HPs)
             Began as a Merfolk Transmuter on Nov 10, 2022.
             Quit the game on level 1 of the Dungeon.
             The game lasted 00:08:01 (2783 turns).

Goreval the Insei (Merfolk Transmuter)              Turns: 2783, Time: 00:08:02

Health: 33/33      AC:  3    Str: 10    XL:     4   Next: 14%
Magic:  7/7        EV: 12    Int: 14    God:
Gold:   61         SH:  0    Dex: 14    Spells: 4/7 levels left

rFire   . . .      SeeInvis .     - Unarmed
rCold   . . .      Faith    .   (no shield)
rNeg    . . .      Spirit   .   f - +0 leather armour
rPois   .          Reflect  .   (no helmet)
rElec   .          Harm     .   (no cloak)
rCorr   .          Rampage  .   (no gloves)
Will    .....                   (no boots)
Stlth   +.........              (no amulet)
HPRegen 0.11/turn               (no ring)
MPRegen 0.10/turn               (no ring)

@: no status effects
A: (nimble swimmer 2), mertail
a: no special abilities


You were on level 1 of the Dungeon.
You visited 1 branch of the dungeon, and saw 2 of its levels.

You collected 61 gold pieces.

Inventory:

Armour
 f - a +0 leather armour (worn)
Scrolls
 a - a scroll of poison {unknown}
 c - a scroll of identify {unknown}
 d - a scroll of enchant armour {unknown}
Potions
 b - 3 potions of lignification


   Skills:
 + Level 1.7 Fighting
 + Level 3.2 Dodging
 * Level 4.0 Unarmed Combat
 + Level 2.2 Spellcasting
 * Level 3.9 Transmutations


You had 4 spell levels left.
You knew the following spells:

 Your Spells              Type           Power      Damage    Failure   Level
a - Beastly Appendage     Tmut           24%        N/A       6%          1
b - Wereblood             Tmut           12%        N/A       10%         2

Your spell library contained the following spells:

 Spells                   Type           Power      Damage    Failure   Level
 Spider Form              Tmut/Pois      7%         N/A       38%         3
 Ice Form                 Ice/Tmut       7%         N/A       80%         4


Dungeon Overview and Level Annotations

Branches:
Dungeon (2/15)

Altars:


Innate Abilities, Weirdness & Mutations

((You are very nimble when in or above water. (Stealth+, EV+, Speed+++)))
Your lower body shifts to a powerful aquatic tail in water.


Message History

The adder poisons you!
The hobgoblin hits you but does no damage.
You miss the adder. You headbutt the adder!
You kill the adder!
* * * LOW HITPOINT WARNING * * *
You feel sick.
The hobgoblin hits you but does no damage.
Your Unarmed Combat skill increases to level 4!
You have reached level 4!
It was a potion of berserk rage.
A red film seems to cover your vision as you go berserk!
You feel yourself moving faster!
You feel mighty!
You feel sick. The hobgoblin misses you.
You punch the hobgoblin!
You kill the hobgoblin!
You feel sick.
You feel sick.
You feel a strong urge to attack something.
You feel sick.
You feel your anger nearly subside.
You feel sick.
You are no longer berserk.
You are exhausted.
You feel yourself slow down.
You feel sick.
Your transformation is almost over.
You feel sick.
You feel sick.
You are no longer poisoned.
You start resting.
Your horns disappear.
You start resting.
You feel yourself speed up.
You start resting.
You recover from your berserk rage.
You start resting.
You start resting.
Unknown command.
Unknown command.
Okay, then.

#######[##### #...........#
#.#########.# #.# #.# #.#
######.###.#####.#
#................#
#......###.......#
#......###)#####.###########
#........>@....).รท..........
#..........##.#.............
#..........##.##.####.######
#.........).......# #.#
#########'######..# #.#
#....# #..# #.# #....# #..#
#.###### #....# #..# #.#.....
###########....##
###..###.#..##.


There were no monsters in sight!

Vanquished Creatures
  2 adders (D:1)
  3 dart slugs (D:1)
  3 bats (D:1)
  3 endoplasms
  2 giant cockroaches
  5 goblins
  2 hobgoblins (D:1)
  4 jackals (D:1)
  A quokka (D:1)
  4 ball pythons (D:1)
  3 frilled lizards (D:1)
  5 kobolds (D:1)
  A rat (D:1)
38 creatures vanquished.

Notes
Turn   | Place    | Note
-------+----------+-------------------------------------------
     0 | D:1      | Goreval the Merfolk Transmuter began the quest for the Orb.
     0 | D:1      | Reached XP level 1. HP: 15/15 MP: 3/3
   450 | D:1      | Reached XP level 2. HP: 21/21 MP: 3/5
   454 | D:1      | Learned a level 2 spell: Wereblood
  1186 | D:1      | Reached XP level 3. HP: 26/26 MP: 4/6
  2501 | D:1      | Reached skill level 4 in Unarmed Combat
  2501 | D:1      | Reached XP level 4. HP: 8/33 MP: 5/7
  2783 | D:1      | Quit the game

Illustrated notes

Levels and vault maps discovered:
D:1:      amcnicky_arrival_wind_blow, layout_basic, nicolae_titane
D:2:      layout_rooms, hellmonk_ecumenical_altar_heavens_door,
          minmay_misc_feat_iff, minmay_pentomino_p2, uniq_robin

Skill      XL: |  1  2  3 |
---------------+----------+-----
Transmutations | 3 |  3.9
Dodging        | 3 |  3.2
Unarmed Combat | 4 |  4.0
Fighting       | |  1.7
Spellcasting   | |  2.2

Action                   |  1- 3 |  4- 6 || total
-------------------------+-------+-------++-------
Melee: Unarmed           |   107 |     1 ||   108
       Punch             |     1 |       ||     1
       Headbutt          |    11 |       ||    11
Throw: Stone             |    16 |       ||    16
 Cast: Beastly Appendage |    19 |       ||    19
  Use: Potion            |       |     1 ||     1
 Stab: Sleeping          |     2 |       ||     2
Armor: Robe              |    16 |       ||    16
       Leather armour    |    14 |       ||    14
Dodge: Dodged            |    55 |     1 ||    56
